 Dungeon Crawl Stone Soup version 0.23.2-33-g5129a83184 (webtiles) character file.

Game seed: 2127246690570331072

47346 Acheron the Cleaver (level 14, 0/84 HPs)
             Began as a Gargoyle Fighter on June 27, 2019.
             Was a High Priest of Okawaru.
             Slain by a tyrant leech (18 damage)
             ... on level 2 of the Swamp on June 28, 2019.
             The game lasted 03:22:57 (19961 turns).

Acheron the Cleaver (Gargoyle Fighter)             Turns: 19961, Time: 03:22:58

Health: 0/84       AC: 34    Str: 16    XL:     14   Next: 41%
Magic:  21/22      EV: 19    Int: 11    God:    Okawaru [*****.]
Gold:   1067       SH:  7    Dex: 18    Spells: 13/24 levels left

rFire    + . .     SeeInvis .   q - +4 broad axe (venom)
rCold    + . .     Gourm    .   R - +0 buckler
rNeg     + . .     Faith    .   A - +2 acid dragon scales
rPois    ∞         Spirit   .   W - +2 helmet of Lucidity {rPois Str-5 Dex+4}
rElec    +         Reflect  .   C - +2 cloak
rCorr    +         Harm     .   G - +2 pair of gloves
MR       +....                  r - +0 pair of boots {run}
Stlth    +++++.....             F - amulet "Bimnothu" {+Rage rF+}
HPRegen  0.24/turn              K - +3 ring of dexterity
MPRegen  0.18/turn              y - ring of protection from cold

@: heroism, flying, quick
A: big wings, negative energy resistance 1, electricity resistance, unbreathing,
petrification resistance, rot immunity, AC +10
a: Stop Flying, Heroism, Finesse, Renounce Religion, Evoke Berserk Rage


You were on level 2 of the Swamp.
You worshipped Okawaru.
Okawaru was extremely pleased with you.
You were full.

You visited 4 branches of the dungeon, and saw 22 of its levels.
You also visited: Gauntlet.

You collected 1445 gold pieces.
You spent 378 gold pieces at shops.

Inventory:

Hand Weapons
 c - a +4 scimitar of flaming
 n - the +8 rapier "Nucabbue" {venom, *Slow +Fly rElec rN+ Stlth+}
   (You found it in a Gauntlet)

   It poisons the flesh of those it strikes.
   It insulates you from electricity.
   It protects you from negative energy.
   It lets you fly.
   It may slow you when you take damage.
   It makes you more stealthy.
 q - a +4 broad axe of venom (weapon)
 t - a +0 blowgun
 v - a +4 short sword of electrocution
 w - a +2 war axe of chopping
 P - a +4 quarterstaff of flaming
Missiles
 m - 55 stones
 o - 7 curare-tipped needles
 u - 8 needles of paralysis
 x - 5 throwing nets
 H - 26 javelins
 O - a javelin of returning (quivered)
Armour
 k - the +3 scale mail of Paonycka {-Cast MR+ Dex+3}
   (You found it on level 5 of the Lair of Beasts)

   It affects your dexterity (+3).
   It affects your resistance to hostile enchantments.
   It prevents spellcasting.
 r - a +0 pair of boots of running (worn)
 A - +2 acid dragon scales (worn)
 C - a +2 cloak (worn)
 G - a +2 pair of gloves (worn)
 R - a +0 buckler (worn)
 W - the +2 helmet of Lucidity (worn) {rPois Str-5 Dex+4}
   (Okawaru gifted it to you on level 4 of the Lair of Beasts)

   It affects your strength (-5).
   It affects your dexterity (+4).
   It protects you from poison.
Jewellery
 i - an uncursed amulet of the gourmand
 y - a ring of protection from cold (right hand)
 z - an uncursed ring of protection from fire
 F - the amulet "Bimnothu" (around neck) {+Rage rF+}
   (You found it in a Gauntlet)

   [amulet of rage]

   It protects you from fire.
   It lets you go berserk.
 K - a +3 ring of dexterity (left hand)
Wands
 b - a wand of clouds (6)
 g - a wand of disintegration (26)
 E - a wand of iceblast (9)
 S - a wand of polymorph (23)
 T - a wand of paralysis (20)
 Z - a wand of acid (15)
Scrolls
 e - 2 scrolls of blinking
 j - 13 scrolls of teleportation
 s - a scroll of summoning
 B - a scroll of amnesia
 M - 6 scrolls of remove curse
 N - 2 scrolls of fog
 Q - a scroll of fear
 Y - 2 scrolls of enchant weapon
Potions
 a - 6 potions of flight
 d - 3 potions of might
 h - 10 potions of curing
 l - a potion of berserk rage
 I - 4 potions of mutation
 L - a potion of agility
 V - a potion of cancellation
 X - 2 potions of lignification
Miscellaneous
 U - a fan of gales
Comestibles
 f - 36 rations
 p - 14 chunks of flesh


   Skills:
 * Level 8.3(13.3) Fighting
 + Level 4.1(9.3) Short Blades
 * Level 1.9(8.2) Long Blades
 * Level 9.7(14.7) Axes
 * Level 5.9(10.9) Throwing
 * Level 8.9(13.9) Armour
 * Level 5.2(10.2) Dodging
 * Level 7.8(12.8) Stealth
 - Level 4.0(9.0) Shields
 + Level 0.2(5.2) Unarmed Combat
 * Level 5.5 Spellcasting
 * Level 5.6 Conjurations
 + Level 4.0 Hexes
 + Level 3.3 Necromancy
 * Level 5.1 Translocations
 * Level 5.0 Fire Magic
 + Level 4.2 Ice Magic
 * Level 6.9 Invocations
 * Level 4.9 Evocations


You had 13 spell levels left.
You knew the following spells:

 Your Spells              Type           Power        Failure   Level  Hunger
a - Apportation           Tloc           ##....       3%          1    None
b - Ensorcelled Hibernat  Hex/Ice        ##....       7%          2    ##.....
c - Conjure Flame         Conj/Fire      ##......     9%          3    ###....
d - Animate Skeleton      Necr           N/A          6%          1    None
e - Dazzling Spray        Conj/Hex       ##....       10%         3    ###....
f - Corona                Hex            ##.....      4%          1    None

Your spell library contained the following spells:

 Spells                   Type           Power        Failure   Level  Hunger
 Confusing Touch          Hex            ##....       4%          1    None
 Confuse                  Hex            ##......     14%         3    ###....
 Tukima's Dance           Hex            ##......     14%         3    ###....
 Beastly Appendage        Tmut           #.....       26%         1    None
 Summon Small Mammal      Summ           #...         26%         1    None
 Recall                   Summ/Tloc      N/A          26%         3    ###....
 Mephitic Cloud           Conj/Pois/Air  #.......     34%         3    ###....
 Poisonous Vapours        Pois/Air       #.....       36%         2    ##.....
 Sticks to Snakes         Tmut           #.......     36%         2    ##.....
 Cause Fear               Hex            ##........   43%         4    ####...
 Spider Form              Tmut/Pois      #.........   58%         3    ###....
 Ice Form                 Ice/Tmut       #.......     71%         4    ####...
 Irradiate                Conj/Tmut      #.........   91%         5    ######.
 Summon Forest            Summ/Tloc      #.........   94%         5    ######.
 Silence                  Hex/Air        #.........   97%         5    ######.
 Summon Mana Viper        Hex/Summ       #.......     97%         5    ######.
 Yara's Violent Unravell  Hex/Tmut       #.........   97%         5    ######.
 Aura of Abjuration       Summ           #.........   100%        5    ######.
 Blade Hands              Tmut           #.........   100%        5    ######.
 Summon Demon             Summ           #.........   100%        5    ######.
 Deflect Missiles         Chrm/Air       #.........   100%        6    #######
 Freezing Cloud           Conj/Ice/Air   ##........   100%        6    #######
 Shadow Creatures         Summ           N/A          100%        6    #######
 Ring of Flames           Chrm/Fire      #.........   100%        7    #######
 Discord                  Hex            ##........   100%        8    #######


Dungeon Overview and Level Annotations

Branches:
Dungeon (13/15)            Temple (1/1) D:4            Lair (6/6) D:9
  Swamp (2/4) Lair:2        Snake (0/4) Lair:2        Slime (0/5) Lair:6
    Orc: D:9-12      Vaults: D:13-14

Altars:
Ashenzari
Cheibriados
Dithmenos
Elyvilon
Fedhas
Gozag
Hepliaklqana
Kikubaaqudgha
Makhleb
Nemelex Xobeh
Okawaru
Qazlal
Ru
Sif Muna
Trog
Uskayaw
Vehumet
Wu Jian
Xom
Yredelemnul
Zin
The Shining One

Shops:
D:4 [

Annotations:
D:3 2 runed translucent doors, OdinFK's ghost, novice GrEE
D:7 exclusion: downstairs
Lair:2 exclusion: oklob plant
Lair:3 exclusion: oklob plant


Innate Abilities, Weirdness & Mutations

You are resistant to torment.
Your stone body is resilient. (AC +10)
You are immune to poison.
Your large and strong wings let you fly indefinitely.
You resist negative energy. (rN+)
You are resistant to electric shocks. (rElec)
You can survive without breathing.
You are immune to petrification.
You are immune to rotting.


Message History

Your blink frog skeleton misses the tyrant leech.
Some of the chunks of flesh in your inventory have rotted away.
Unknown command.
You hit the tyrant leech.
The tyrant leech looks as sick as possible!
The tyrant leech is severely wounded.
You closely miss the tyrant leech.
The tyrant leech bites you but does no damage. x2
Your blink frog skeleton hits the tyrant leech but does no damage.
You barely miss the tyrant leech.
The tyrant leech is severely wounded.
You hit the tyrant leech. The tyrant leech bites you!
* * * LOW HITPOINT WARNING * * *
You block the tyrant leech's attack.
Your blink frog skeleton hits the tyrant leech but does no damage.
You miss the tyrant leech.
The tyrant leech is severely wounded.
You hit the tyrant leech but do no damage.
The tyrant leech bites you!!
You die...

♣♣♣♣♣ ♣≈ ♣♣≈≈≈♣♣.≈.
♣≈Zw.≈≈.♣ ♣♣♣♣
♣≈@ww.≈.♣
♣≈≈♣♣♣♣♣≈.♣♣♣♣...
♣≈...♣≈♣≈≈≈>♣♣♣
♣≈...≈.♣♣≈≈.≈≈♣♣
♣♣♣♣≈.<.≈..♣♣.>.≈≈♣
♣♣≈♣♣≈..≈...≈♣♣♣≈≈≈♣
♣......≈≈≈≈.≈♣♣♣♣.≈♣
♣..≈≈≈≈≈...≈≈.≈.≈.≈♣
♣.≈≈≈≈≈≈....≈.≈≈.≈≈♣


You could see 2 tyrant leeches, a swamp worm and a friendly blink frog skeleton.

Vanquished Creatures
  A minotaur (Gauntlet)
  4 hydras
  A catoblepas (Lair:4)
  Erica (D:8)
  A two-headed ogre (D:8)
  4 death yaks (Lair:6)
  A swamp dragon (Lair:6)
  6 black mambas
  Joseph (D:9)
  3 elephants (Lair:5)
  A gargoyle (D:13)
  A torpor snail (Lair:4)
  12 spiny frogs
  5 rime drakes
  6 komodo dragons
  2 polar bears (Lair:6)
  6 tyrant leeches
  2 hornets (Lair:6)
  Prince Ribbit (Lair:1)
  11 blink frogs
  9 hippogriffs
  A dream sheep (Lair:4)
  4 redbacks
  10 shadows
  A spriggan (D:11)
  5 wyverns
  4 basilisks (Lair:6)
  34 yaks
  8 vampire mosquitoes (Swamp:1)
  4 swamp worms
  19 water moccasins
  Duvessa (D:7)
  8 porcupines
  2 acid dragons
  2 orc warriors
  A swamp drake (Lair:6)
  An eye of draining (D:8)
  2 phantoms
  2 ice beasts
  4 sky beasts
  A necrophage (D:8)
  6 wolves (Lair:4)
  A black bear (Lair:2)
  4 ogres
  4 centaurs
  10 crocodiles
  11 bullfrogs
  A gnoll sergeant (D:8)
  Dowan (D:7)
  4 scorpions
  An electric eel (Lair:6)
  A howler monkey (D:11)
  2 crimson imps
  2 bullfrog zombies
  A quasit (D:9)
  5 jellies
  3 hounds
  Crazy Yiuf (D:4)
  2 centaur skeletons
  3 orc wizards
  Jessica (D:2)
  3 iguanas
  4 worker ants
  A hound zombie (D:8)
  4 hound skeletons
  A worker ant zombie (D:4)
  3 gnolls (D:8)
  10 adders
  A river rat (Lair:4)
  A shadow imp (D:6)
  4 oozes
  An adder zombie (D:6)
  3 worms
  3 dart slugs (D:1)
  3 leopard geckos
  22 orcs
  2 ball pythons
  14 bats
  7 giant cockroaches
  5 hobgoblins
  8 jackals
  5 quokkas
  A ball python skeleton (D:5)
  3 frilled lizards
  12 goblins
  A jackal skeleton (D:7)
  7 kobolds
  A leopard gecko skeleton (D:4)
  A quokka skeleton (D:5)
  7 rats
  2 plants
397 creatures vanquished.

Vanquished Creatures (collateral kills)
  A fire dragon (Lair:6)
  A wolf spider (Lair:6)
  5 black mambas
  A guardian serpent (Lair:6)
  An elephant (Lair:5)
  A torpor snail (Lair:5)
  3 spiny frogs
  2 komodo dragons (Lair:6)
  A blink frog (Lair:5)
  A tyrant leech (Swamp:2)
  A hippogriff (Lair:1)
  A dream sheep (Lair:4)
  2 yaks
  3 wyverns (Lair:6)
  3 basilisks
  A swamp worm (Swamp:2)
  3 acid dragons (Lair:6)
  6 water moccasins
  A porcupine (Lair:5)
  A black bear (D:8)
  4 bullfrogs
  3 iguanas (Lair:6)
  An ooze (Lair:6)
  2 orcs (D:8)
  A butterfly (Lair:4)
  3 fungi
  A plant (Lair:6)
54 creatures vanquished.

Vanquished Creatures (others)
  A gnoll (D:8)
  A leopard gecko (D:8)
  20 fungi
  39 plants
  A withered plant (Gauntlet)
62 creatures vanquished.

Grand Total: 513 creatures vanquished

Notes
Turn   | Place    | Note
-------+----------+-------------------------------------------
     0 | D:1      | Acheron the Gargoyle Fighter began the quest for the Orb.
     0 | D:1      | Reached XP level 1. HP: 14/14 MP: 1/1
   139 | D:1      | Reached XP level 2. HP: 19/19 MP: 2/2
   579 | D:1      | Reached skill level 2 in Axes
   773 | D:1      | Reached XP level 3. HP: 21/23 MP: 3/3
  1460 | D:3      | Reached XP level 4. HP: 25/28 MP: 4/4
  1580 | D:3      | Found a runed translucent door.
  1580 | D:3      | Noticed OdinFK's ghost (novice GrEE)
  1888 | D:3      | Reached skill level 3 in Axes
  1925 | D:3      | Reached skill level 1 in Stealth
  1951 | D:3      | Found a runed translucent door.
  2355 | D:2      | Noticed Jessica
  2361 | D:2      | Killed Jessica
  2361 | D:2      | Reached XP level 5. HP: 24/33 MP: 5/5
  2568 | D:2      | Reached skill level 1 in Dodging
  2750 | D:4      | Found Cage's Armour Boutique.
  2766 | D:5      | Entered Level 5 of the Dungeon
  2807 | D:4      | Found a snail-covered altar of Cheibriados.
  3051 | D:4      | Found a staircase to the Ecumenical Temple.
  3062 | Temple   | Entered the Ecumenical Temple
  3261 | Temple   | Became a worshipper of Warmaster Okawaru
  3467 | D:4      | Found a bloodstained altar of Trog.
  3641 | D:4      | Found a sparkling altar of Nemelex Xobeh.
  3681 | D:4      | Found a runed translucent door.
  3682 | D:4      | Noticed Crazy Yiuf
  4153 | D:6      | Noticed an ogre
  4166 | D:7      | Reached skill level 1 in Spellcasting
  4166 | D:7      | Reached XP level 6. HP: 38/38 MP: 7/7
  4199 | D:7      | Found the +3 robe of Clouds {+Thunder rCloud rElec}
  4246 | D:7      | Noticed a hippogriff
  4246 | D:7      | Noticed an ice beast
  4265 | D:7      | Killed a hippogriff
  4265 | D:7      | Reached * piety under Okawaru
  4265 | D:7      | Reached skill level 1 in Throwing
  4265 | D:7      | Reached XP level 7. HP: 24/43 MP: 7/9
  4272 | D:7      | Reached skill level 1 in Invocations
  4278 | D:7      | Reached skill level 1 in Short Blades
  4278 | D:7      | Reached skill level 4 in Axes
  4569 | D:7      | Found a glowing golden altar of the Shining One.
  4701 | D:7      | Noticed Duvessa
  4724 | D:7      | Killed Duvessa
  4790 | D:8      | Noticed Erica
  4873 | D:7      | Reached ** piety under Okawaru
  4879 | D:7      | Reached XP level 8. HP: 41/48 MP: 10/10
  5391 | D:6      | Found a shadowy altar of Dithmenos.
  5433 | D:6      | Found a stormy altar of Qazlal.
  5459 | D:6      | Learned a level 1 spell: Apportation
  5462 | D:6      | Learned a level 2 spell: Ensorcelled Hibernation
  5466 | D:6      | Learned a level 3 spell: Conjure Flame
  5516 | D:6      | Reached skill level 5 in Axes
  5556 | D:6      | Found an ornate altar of the Wu Jian Council.
  5685 | D:6      | Reached skill level 5 in Fighting
  5956 | D:5      | Reached skill level 5 in Armour
  6019 | D:5      | Got a sheer robe
  6261 | D:7      | Noticed Dowan
  6270 | D:7      | Killed Dowan
  6270 | D:7      | Reached skill level 1 in Translocations
  6270 | D:7      | Reached skill level 1 in Evocations
  6270 | D:7      | Reached XP level 9. HP: 54/54 MP: 9/12
  6329 | D:7      | Learned a level 1 spell: Animate Skeleton
  6489 | D:8      | Reached *** piety under Okawaru
  6675 | D:8      | Killed Erica
  6675 | D:8      | Reached **** piety under Okawaru
  6675 | D:8      | Reached skill level 6 in Axes
  6675 | D:8      | Reached skill level 1 in Conjurations
  6675 | D:8      | Reached skill level 1 in Fire Magic
  6793 | D:8      | Noticed a two-headed ogre
  6996 | D:9      | Noticed Joseph
  7099 | D:9      | Found a staircase to the Lair.
  7108 | D:9      | Reached XP level 10. HP: 60/60 MP: 12/14
  7112 | D:9      | Reached ***** piety under Okawaru
  7250 | D:10     | Entered Level 10 of the Dungeon
  7334 | D:10     | Found an iron altar of Okawaru.
  7481 | D:11     | You fall through a shaft for 2 floors!
  7481 | D:13     | Noticed a centaur warrior
  7486 | D:13     | Noticed a centaur warrior
  7526 | D:13     | Noticed a gargoyle
  7538 | D:13     | Killed a gargoyle
  7538 | D:13     | Received a gift from Okawaru
  7686 | D:12     | Reached skill level 5 in Stealth
  8576 | D:9      | Found a shadowy altar of Dithmenos.
  8578 | D:9      | Found a glowing silver altar of Zin.
  8674 | D:9      | Killed Joseph
  9069 | D:8      | Identified the +2 robe of the Midnight Sun {Int+4 Dex-3}
                  | (You found it on level 5 of the Dungeon)
  9215 | D:4      | Bought a +0 pair of boots of running for 378 gold pieces
  9481 | D:4      | Killed Crazy Yiuf
  9630 | D:8      | Killed a two-headed ogre
  9630 | D:8      | Reached XP level 11. HP: 15/65 MP: 9/16
  9915 | Lair:1   | Entered Level 1 of the Lair of Beasts
 10047 | Lair:1   | Noticed Prince Ribbit
 10054 | Lair:1   | Found a gate leading to a gauntlet.
 10072 | Lair:1   | Killed Prince Ribbit
 10072 | Lair:1   | Received a gift from Okawaru
 10072 | Lair:1   | Reached skill level 7 in Axes
 10072 | Lair:1   | Reached skill level 1 in Necromancy
 10102 | Gauntlet | Entered a Gauntlet
 10102 | Gauntlet | Found a transporter.
 10102 | Gauntlet | Found a transporter.
 10102 | Gauntlet | Noticed a worldbinder
 10112 | Gauntlet | Found a transporter.
 10121 | Gauntlet | Noticed a soul eater
 10122 | Gauntlet | Found a transporter.
 10137 | Gauntlet | Found a transporter.
 10150 | Gauntlet | Found a transporter.
 10165 | Gauntlet | Found a transporter.
 10171 | Gauntlet | Found a transporter.
 10173 | Gauntlet | Noticed a salamander
 10174 | Gauntlet | Noticed a manticore
 10174 | Gauntlet | a salamander changed into a manticore
 10185 | Gauntlet | Found a transporter.
 10202 | Gauntlet | Found a transporter.
 10206 | Gauntlet | Found a transporter.
 10251 | Gauntlet | Found a transporter.
 10333 | Gauntlet | Reached skill level 1 in Ice Magic
 10346 | Gauntlet | Got a translucent rapier
 10371 | Gauntlet | Reached skill level 1 in Hexes
 10385 | Gauntlet | Got a warped garnet amulet
 10582 | Gauntlet | Noticed a minotaur
 10595 | Gauntlet | Killed a minotaur
 10613 | Gauntlet | Identified the Disquisition on Unstable Protection
 10720 | Lair:1   | Reached skill level 5 in Invocations
 10995 | Lair:1   | Identified the amulet "Bimnothu" {+Rage rF+} (You found it
                  | in a Gauntlet)
 11430 | Lair:2   | Received a gift from Okawaru
 11497 | Lair:2   | Reached XP level 12. HP: 44/71 MP: 18/18
 11785 | Lair:2   | Found a staircase to the Snake Pit.
 12107 | Lair:3   | Received a gift from Okawaru
 12154 | Lair:3   | You fall through a shaft for 3 floors!
 12154 | Lair:6   | Entered Level 6 of the Lair of Beasts
 12262 | Lair:6   | Found a staircase to the Slime Pits.
 12414 | Lair:5   | Received a gift from Okawaru
 12545 | Lair:5   | Got an ichor-stained scale mail
 13090 | Lair:5   | Identified the +3 scale mail of Paonycka {-Cast MR+ Dex+3}
                  | (You found it on level 5 of the Lair of Beasts)
 13130 | Lair:5   | Found a basalt altar of Yredelemnul.
 13203 | Lair:5   | Reached skill level 8 in Axes
 13342 | Lair:5   | Learned a level 3 spell: Dazzling Spray
 13528 | Lair:6   | Noticed a five-headed hydra
 13627 | Lair:5   | Received a gift from Okawaru
 13896 | Lair:5   | Reached skill level 5 in Throwing
 14086 | Lair:6   | Reached XP level 13. HP: 53/76 MP: 20/20
 14163 | Lair:6   | Received a gift from Okawaru
 14184 | Lair:6   | Identified the +8 rapier "Nucabbue" {venom, *Slow +Fly
                  | rElec rN+ Stlth+} (You found it in a Gauntlet)
 15286 | Lair:4   | Reached skill level 5 in Spellcasting
 15343 | Lair:4   | Received a gift from Okawaru
 15346 | Lair:4   | Got a smoking helmet {god gift}
 15357 | Lair:4   | Identified the +2 helmet of Lucidity {rPois Str-5 Dex+4}
                  | (Okawaru gifted it to you on level 4 of the Lair of Beasts)
 15488 | Lair:4   | Learned a level 1 spell: Corona
 15530 | Lair:4   | Reached skill level 9 in Axes
 15926 | Lair:3   | Reached skill level 5 in Conjurations
 16726 | Lair:6   | Reached skill level 5 in Dodging
 17118 | Lair:6   | Noticed a fire dragon
 17129 | Lair:6   | Killed a fire dragon
 17129 | Lair:6   | Reached skill level 1 in Long Blades
 17141 | Lair:6   | Got a pair of faintly humming boots
 17153 | Lair:6   | Identified the -2 pair of boots of Happy Babbling {*Corrode
                  | Str+3 Dex+4} (You found it on level 6 of the Lair of
                  | Beasts)
 17413 | Lair:6   | Gained mutation: Your large and strong wings let you fly
                  | indefinitely. [Gargoyle growth]
 17413 | Lair:6   | Reached XP level 14. HP: 72/84 MP: 21/21
 17741 | Lair:6   | Reached ****** piety under Okawaru
 17743 | Lair:6   | Received a gift from Okawaru
 17746 | Lair:6   | Reached skill level 5 in Translocations
 17834 | Lair:6   | Got a heavy robe {god gift}
 18821 | Lair:2   | Found a staircase to the Swamp.
 18837 | Swamp:1  | Entered Level 1 of the Swamp
 19217 | Swamp:1  | Reached skill level 5 in Fire Magic
 19594 | Swamp:2  | Identified the +1 robe of the Gravedigger {Int+7} (Okawaru
                  | gifted it to you on level 6 of the Lair of Beasts)
 19599 | Swamp:2  | Noticed a thorn hunter
 19961 | Swamp:2  | Slain by a tyrant leech

Skill      XL: |  1  2  3  4  5  6  7  8  9 10 11 12 13 14 |
---------------+-------------------------------------------+-----
Axes           | 2 3 4 5 6 7 8 9 |  9.7
Stealth        | 1 2 3 4 5 6 7 |  7.8
Dodging        | 1 2 3 4 5 |  5.2
Armour         | 4 5 6 7 8 |  8.9
Fighting       | 4 5 6 7 8 |  8.3
Shields        | 4 |  4.0
Spellcasting   | 1 2 3 4 5 |  5.5
Throwing       | 1 2 3 4 5 |  5.9
Invocations    | 1 2 3 4 5 6 |  6.9
Short Blades   | 1 2 3 4 |  4.1
Translocations | 1 2 3 4 5 |  5.1
Evocations     | 1 2 3 4 |  4.9
Conjurations   | 1 2 3 4 5 |  5.6
Fire Magic     | 1 2 3 4 5 |  5.0
Necromancy     | 1 2 3 |  3.3
Ice Magic      | 2 3 4 |  4.2
Hexes          | 1 2 3 4 |  4.0
Long Blades    | 1 |  1.9
Unarmed Combat | |  0.2

Action                   |  1- 3 |  4- 6 |  7- 9 | 10-12 | 13-15 || total
-------------------------+-------+-------+-------+-------+-------++-------
Melee: War axe           |   146 |   185 |   271 |   610 |   105 ||  1317
       Unarmed           |       |       |       |    31 |       ||    31
       Broad axe         |       |       |       |       |   354 ||   354
       Scimitar          |       |       |       |       |    46 ||    46
Throw: Javelin           |       |       |     5 |    29 |    19 ||    53
       Stone             |       |       |       |       |     2 ||     2
 Cast: Animate Skeleton  |       |       |     2 |    43 |    57 ||   102
       Conjure Flame     |       |       |       |     6 |     1 ||     7
       Apportation       |       |       |       |     3 |     7 ||    10
       Corona            |       |       |       |       |     1 ||     1
Invok: Heroism           |       |       |    12 |    28 |    21 ||    61
       Finesse           |       |       |       |     3 |     1 ||     4
 Abil: Fly               |       |       |       |       |     1 ||     1
Evoke: Wand              |       |       |       |     1 |       ||     1
  Use: Scroll            |       |     8 |    10 |    14 |    10 ||    42
       Potion            |       |       |     1 |     7 |     1 ||     9
 Stab: Invisible         |       |     1 |       |     1 |       ||     2
       Distracted        |       |       |       |     2 |     7 ||     9
       Sleeping          |       |       |       |       |     2 ||     2
  Eat: Chunk             |     2 |     9 |     6 |    18 |    21 ||    56
       Ration            |       |       |     2 |     2 |     3 ||     7
Armor: Scale mail        |   100 |   123 |   175 |   414 |   197 ||  1009
       Acid dragon scale |       |       |       |       |    94 ||    94
Dodge: Dodged            |    51 |    71 |   157 |   381 |   368 ||  1028
Block: Shield            |    91 |   109 |       |       |       ||   200
       Buckler           |       |    11 |    62 |   169 |   166 ||   408
       Rpst.: Scimitar   |       |       |       |       |    11 ||    11
